 Dungeon Crawl Stone Soup version 0.23-a0-417-gf02c810438 (webtiles) character file.

4602 Napalmbreeze the Basher (level 10, -1/64 HPs)
             Began as a Gargoyle Fighter on Nov 11, 2018.
             Slain by a troll (10 damage)
             ... on level 8 of the Dungeon.
             The game lasted 00:14:13 (6839 turns).

Napalmbreeze the Basher (Gargoyle Fighter)          Turns: 6839, Time: 00:14:13

Health: -1/64      AC: 15    Str: 24    XL:     10   Next: 42%
Magic:  3/3        EV: 12    Int:  8    God:
Gold:   444        SH:  8    Dex:  9    Spells: 9/9 levels left

rFire    . . .     SeeInvis .   w - +4 flail (antimagic)
rCold    . . .     Gourm    .   u - +0 buckler (curse)
rNeg     + . .     Faith    .   b - +0 scale mail
rPois    ∞         Spirit   .   (no helmet)
rElec    +         Reflect  +   (no cloak)
rCorr    .         Harm     .   (no gloves)
MR       .....                  (no boots)
Stlth    ..........             e - +4 amulet of reflection
HPRegen  0.20/turn              (no ring)
MPRegen  0.08/turn              (no ring)

@: no status effects
A: negative energy resistance 1, electricity resistance, unbreathing,
petrification resistance, rot immunity, AC +7
a: no special abilities


You were on level 8 of the Dungeon.
You were not hungry.

You visited 1 branch of the dungeon, and saw 9 of its levels.

You collected 444 gold pieces.

Inventory:

Hand Weapons
 g - a +4 short sword of venom
 w - a +4 antimagic flail (weapon)
 y - a +0 shortbow of freezing
Missiles
 z - 79 arrows
 A - 4 throwing nets (quivered)
Armour
 a - a +2 leather armour of poison resistance
 b - a +0 scale mail (worn)
 c - a +1 shield
 u - a cursed +0 buckler (worn)
 v - the +3 large shield "Goiny" {rF- rC+++ Regen+ Str-3, unknown}
   (You found it on level 5 of the Dungeon)

   It affects your strength (-3).
   It makes you vulnerable to fire.
   It renders you almost immune to cold.
   It increases your rate of regeneration.
Jewellery
 e - a +4 amulet of reflection (around neck)
 C - a +2 ring of intelligence {unknown}
 F - a +3 ring of protection {unknown}
Wands
 B - a wand of acid (6)
Scrolls
 h - a scroll of fear
 m - 3 scrolls of amnesia
 n - 5 scrolls of teleportation
 r - a scroll of remove curse
 s - a scroll of enchant weapon
 x - 2 scrolls of fog {unknown}
 D - 4 scrolls of identify
 E - a scroll of magic mapping {unknown}
Potions
 d - a potion of might
 i - 2 potions of invisibility
 j - 3 potions of curing
 k - 3 potions of lignification {unknown}
 l - 2 potions of degeneration {unknown}
 o - 3 potions of haste {unknown}
 p - a potion of resistance {unknown}
 q - 2 potions of heal wounds {unknown}
 t - a potion of agility {unknown}
Comestibles
 f - 13 rations


   Skills:
 + Level 7.9 Fighting
 * Level 9.6 Maces & Flails
 + Level 8.1 Armour
 + Level 4.9 Dodging
 + Level 4.8 Shields


You had 9 spell levels left.
You didn't know any spells.
Your spell library contained the following spells:

 Spells                   Type           Power        Failure   Level  Hunger
 Corona                   Hex            #......      67%         1    ##.....
 Summon Small Mammal      Summ           #...         67%         1    ##.....
 Call Imp                 Summ           #.......     80%         2    ###....
 Ensorcelled Hibernation  Hex/Ice        #.....       80%         2    ###....
 Call Canine Familiar     Summ           #.......     95%         3    ####...
 Confuse                  Hex            #.......     95%         3    ####...
 Dazzling Spray           Conj/Hex       #.....       95%         3    ####...
 Summon Guardian Golem    Hex/Summ       #.......     95%         3    ####...
 Tukima's Dance           Hex            #.......     95%         3    ####...
 Summon Ice Beast         Ice/Summ       #.......     100%        4    #####..
 Summon Lightning Spire   Summ/Air       #.......     100%        4    #####..


Dungeon Overview and Level Annotations

Branches:
Dungeon (9/15)               Lair (0/6) D:8
 Temple: D:4-7          Orc: D:9-12

Altars:
Ashenzari
Elyvilon
Fedhas
Nemelex Xobeh
Ru
Trog
Xom
The Shining One

Shops:
D:4 }   D:7 *

Annotations:
D:6 3 runed doors, twirl's ghost, novice MiBe
D:9 1 runed door


Innate Abilities, Weirdness & Mutations

You are resistant to torment.
Your stone body is resilient. (AC +7)
You are immune to poison.
You resist negative energy. (rN+)
You are resistant to electric shocks. (rElec)
You can survive without breathing.
You are immune to petrification.
You are immune to rotting.


Message History

You completely miss the troll.
The troll is lightly wounded.
The troll bites you! The troll claws you. You block the troll's attack.
You barely miss the troll.
The troll is lightly wounded.
The troll bites you but does no damage. The troll closely misses you.
You block the troll's attack.
You sock the troll!
The troll is moderately wounded.
The troll barely misses you. The troll claws you but does no damage.
The troll claws you.
* * * LOW HITPOINT WARNING * * *
You closely miss the troll.
The troll is moderately wounded.
The troll bites you!
* * * LOW HITPOINT WARNING * * *
The troll claws you but does no damage. x2
Unknown command.
The troll bites you!
You die...

#.........# #≈_.≈.≈.≈.≈..#
#.........# #≈≈........≈##
#.........# ##########≈.###
#.>.......#####..............
#.......................###..
#.........###.<.<.......###.#
#...........##..........##..#
#.........#T<#..........###'#
########...#@#....).....#≈≈.≈
#...#............#≈♣.♣
#................#≈._.
##...###........#.#≈♣.♣
###########....###..........#≈≈.≈
#.....[.....................###'#
...............###...............
.............................####
.................................


You could see a troll.

Vanquished Creatures
  Harold (D:7)
  Pikel (D:7)
  4 hippogriffs
  Sigmund (D:6)
  Duvessa (D:6)
  An eye of draining (D:8)
  2 ogres
  3 phantoms
  2 wolves (D:9)
  3 centaurs
  A necrophage (D:7)
  2 bullfrogs (D:8)
  Dowan (D:6)
  3 scorpions
  6 killer bees (D:8)
  2 crimson imps (D:8)
  2 bullfrog skeletons
  2 hounds (D:6)
  A jelly (D:8)
  3 orc wizards
  4 orc priests
  An iguana (D:5)
  Terence (D:3)
  7 worker ants
  A killer bee zombie (D:7)
  2 hound zombies
  A hound skeleton (D:4)
  A howler monkey zombie (D:5)
  7 adders
  2 oozes
  An adder zombie (D:8)
  2 worms
  2 dart slugs
  3 leopard geckos
  24 orcs
  3 giant cockroaches
  6 goblins
  10 hobgoblins
  4 jackals (D:5)
  A quokka (D:2)
  A ball python (D:1)
  4 bats
  6 frilled lizards
  A jackal skeleton (D:5)
  A jackal zombie (D:5)
  8 kobolds
  4 quokka skeletons
  3 rats
153 creatures vanquished.

Vanquished Creatures (others)
  3 slaves (D:7)
3 creatures vanquished.

Grand Total: 156 creatures vanquished

Notes
Turn   | Place    | Note
-------+----------+-------------------------------------------
     0 | D:1      | Napalmbreeze the Gargoyle Fighter began the quest for the
                  | Orb.
     0 | D:1      | Reached XP level 1. HP: 14/14 MP: 1/1
   342 | D:1      | Reached XP level 2. HP: 19/19 MP: 2/2
   511 | D:1      | Reached XP level 3. HP: 22/23 MP: 3/3
  1447 | D:3      | Noticed Terence
  1465 | D:3      | Killed Terence
  1465 | D:3      | Reached skill level 3 in Maces & Flails
  1465 | D:3      | Reached XP level 4. HP: 26/29 MP: 4/4
  1664 | D:3      | Reached XP level 5. HP: 29/33 MP: 5/5
  2067 | D:3      | Found a glowing golden altar of the Shining One.
  2501 | D:4      | Reached skill level 4 in Maces & Flails
  2545 | D:4      | Found Luutuek's Gadget Emporium.
  2566 | D:4      | Reached XP level 6. HP: 13/38 MP: 2/6
  2886 | D:4      | Reached skill level 1 in Dodging
  3039 | D:4      | Found a white marble altar of Elyvilon.
  3212 | D:4      | Found a blossoming altar of Fedhas.
  3280 | D:5      | Entered Level 5 of the Dungeon
  3293 | D:5      | Reached XP level 7. HP: 40/44 MP: 2/7
  3356 | D:5      | Reached skill level 5 in Maces & Flails
  3463 | D:5      | Reached skill level 5 in Armour
  3511 | D:5      | Found a bloodstained altar of Trog.
  3619 | D:5      | Reached skill level 5 in Fighting
  4041 | D:5      | Got a distressingly furry large shield
  4124 | D:6      | Noticed Sigmund
  4151 | D:6      | Killed Sigmund
  4151 | D:6      | Reached skill level 6 in Maces & Flails
  4151 | D:6      | Reached XP level 8. HP: 36/50 MP: 2/8
  4181 | D:6      | Noticed twirl's ghost (novice MiBe)
  4344 | D:6      | Found a runed gate.
  4344 | D:6      | Found a runed gate.
  4346 | D:6      | Found a runed gate.
  4468 | D:6      | Noticed Duvessa
  4470 | D:6      | Noticed Dowan
  4485 | D:6      | Killed Duvessa
  4489 | D:6      | Killed Dowan
  4623 | D:6      | Found a shimmering altar of Xom.
  4874 | D:7      | Noticed a hippogriff
  4881 | D:7      | Killed a hippogriff
  4881 | D:7      | Reached skill level 7 in Maces & Flails
  4886 | D:7      | Reached XP level 9. HP: 42/55 MP: 3/9
  4959 | D:7      | Noticed Pikel
  4999 | D:7      | Killed Pikel
  5072 | D:7      | Reached skill level 8 in Maces & Flails
  5117 | D:7      | Found Inyrphag's Assorted Antiques.
  5444 | D:7      | Found a shattered altar of Ashenzari.
  5822 | D:8      | Reached skill level 9 in Maces & Flails
  5822 | D:8      | Reached XP level 10. HP: 44/63 MP: 3/10
  6130 | D:8      | Found a sparkling altar of Nemelex Xobeh.
  6142 | D:8      | Found a sacrificial altar of Ru.
  6304 | D:8      | Found a staircase to the Lair.
  6447 | D:9      | Found a runed door.
  6579 | D:7      | Noticed Harold
  6788 | D:7      | Killed Harold
  6839 | D:8      | Slain by a troll

Vault maps used:
D:1:      evilmike_arrival_hilbert_curve
D:2:      first_ration
D:3:      tso_altar, chequers_hall_statues_corner_a, uniq_terence
D:4:      elyvilon_altar_5, kennysheep_mini, serial_forest,
          infiniplex_forest_straight_2, infiniplex_forest_corner_2,
          infiniplex_forest_zigzag_2, infiniplex_forest_straight_1,
          infiniplex_forest_clump_cross, serial_shops, shop, amethyst_killhole
D:5:      kennysheep_doodads, minmay_misc_feat_room, trog_hazing_becter
D:6:      tgw_xom, minmay_temple_entry_nine_rooms, gammafunk_ghost_split,
          uniq_menkaure, uniq_duvessa, uniq_sigmund
D:7:      ashenzari_altar_1, serial_shops, shop_fountains, grunt_ogre_cave,
          uniq_pikel, uniq_harold
D:8:      kennysheep_little_box, lair_entry_dummy, nicolae_ru_path_of_blood
D:9:      hangedman_cross_veins, gammafunk_ghost_grave, serial_ice,
          serial_ice_g, serial_ice_e, serial_ice_m, serial_ice_c, trog_wizard

Skill      XL: |  1  2  3  4  5  6  7  8  9 10 |
---------------+-------------------------------+-----
Maces & Flails | 3 4 6 7 9 |  9.6
Armour         | 4 5 6 7 8 |  8.1
Fighting       | 4 5 6 7 |  7.9
Shields        | 4 |  4.8
Dodging        | 1 2 3 4 |  4.9

Action                   |  1- 3 |  4- 6 |  7- 9 | 10-12 || total
-------------------------+-------+-------+-------+-------++-------
Melee: Flail             |   206 |   143 |   272 |    78 ||   699
       Whip              |       |    24 |       |       ||    24
  Use: Scroll            |     5 |     2 |     2 |       ||     9
  Eat: Chunk             |     2 |     6 |     9 |     3 ||    20
Armor: Scale mail        |   149 |    54 |    68 |    44 ||   315
       Leather armour    |       |     9 |    32 |       ||    41
Dodge: Dodged            |   107 |    56 |   144 |    51 ||   358
Block: Shield            |    17 |       |       |       ||    17
       Other             |     6 |    11 |       |       ||    17
       Buckler           |       |    25 |   115 |    36 ||   176
       Reflection        |       |     1 |    10 |       ||    11

Table legend:
 A = Non-vault XP
 B = Vault XP
 C = Vault XP percentage of total XP
 D = Non-vault monster count
 E = Vault monster count
 F = Vault count percentage of total count
                 A         B        C        D         E       F
            +---------+---------+-------+---------+---------+-------
      Total |    4072 |    2503 |  38.1 |     134 |      19 |  12.4
            +---------+---------+-------+---------+---------+-------
        D:1 |      37 |       0 |   0.0 |      18 |       0 |   0.0
        D:2 |      36 |       0 |   0.0 |      11 |       0 |   0.0
        D:3 |     130 |      36 |  21.7 |      24 |       1 |   4.0
        D:4 |     292 |       0 |   0.0 |      18 |       0 |   0.0
        D:5 |     554 |      11 |   1.9 |      19 |       6 |  24.0
        D:6 |     484 |     457 |  48.6 |      11 |       7 |  38.9
        D:7 |    1125 |    1763 |  61.0 |      10 |       3 |  23.1
        D:8 |    1414 |       0 |   0.0 |      23 |       0 |   0.0
        D:9 |       0 |     236 | 100.0 |       0 |       2 | 100.0
            +---------+---------+-------+---------+---------+-------
